 Dungeon Crawl Stone Soup version 0.14.0-9-g9c5475a (webtiles) character file.

26252 CrazyArbalest the Quickloader (level 12, -16/89 HPs)
             Began as a Demonspawn Hunter on Apr 13, 2014.
             Was the Champion of Okawaru.
             Killed from afar by an ice dragon (63 damage)
             ... with a blast of cold
             ... on Level 6 of the Lair of Beasts on Apr 14, 2014.
             The game lasted 02:55:53 (17483 turns).

CrazyArbalest the Quickloader (Demonspawn Hunter)  Turns: 17483, Time: 02:55:55

HP -16/89        AC 17     Str 16      XL: 12   Next: 89%
MP  16/16        EV 22     Int 13      God: Okawaru [******]
Gold 821         SH  0     Dex 16      Spells:  0 memorised, 11 levels left

rFire  + . .     SeeInvis .     b - +3,+5 crossbow
rCold  . . .     Clarity  .     A - +2 leather armour {rF+}
rNeg   . . .     Conserve .     (no shield)
rPois  .         rCorr    .     s - +2 helmet
rElec  .         rRot     .     Q - +2 cloak {MR+}
SustAb . .       Spirit   .     w - +0 pair of gloves
rMut   .         Warding  .     i - +0 pair of boots (curse)
Saprov . . .     Stasis   .     (no amulet)
MR     +....                    d - ring of invisibility
                                D - +1 ring of dexterity

@: heroism, somewhat resistant to hostile enchantments, very stealthy
A: claws 1, icy blue scales 1, powered by death 1, powered by pain 2
a: Heroism, Finesse, Renounce Religion, Evoke Invisibility


You were on level 6 of the Lair of Beasts.
You worshipped Okawaru.
Okawaru was exalted by your worship.
You were not hungry.

You visited 3 branches of the dungeon, and saw 16 of its levels.
You also visited: Labyrinth.

You collected 821 gold pieces.

Inventory:

Hand weapons
 a - the +7,+7 mace of Plague {venom, *Rage Str+4 Stlth}
   (You found it on level 4 of the Dungeon)

   It poisons the flesh of those it strikes.
   It affects your strength (+4).
   It may make you go berserk in combat.
   It makes you more stealthy.
 b - a +3,+5 crossbow (weapon)
 c - a +3,+1 crossbow of frost
 C - a +1,+1 mace of protection
 T - a +0,+0 morningstar
Missiles
 g - 9 steel bolts
 m - 11 poisoned bolts
 n - 32 bolts
 p - 13 bolts of flame (quivered)
 u - 20 bolts of frost
 z - 9 bolts of penetration
 X - 19 silver bolts
Armour
 i - a cursed +0 pair of boots (worn)
 s - a +2 helmet (worn)
 w - a +0 pair of gloves (worn)
 x - the +2 robe "Fywiecse" {Str+3 Int+5}
   (You found it on level 7 of the Dungeon)

   It affects your strength (+3).
   It affects your intelligence (+5).
 A - a +2 leather armour of fire resistance (worn)
 Q - a +2 cloak of magic resistance (worn)
 S - the +3 buckler of Ipsy {MR+ Int+1}
   (You found it in a labyrinth)

   It affects your intelligence (+1).
   It affects your resistance to hostile enchantments.
Magical devices
 q - a wand of disintegration (13)
 R - a wand of hasting (2)
Comestibles
 f - 4 bread rations
 M - 3 honeycombs
Scrolls
 e - 2 scrolls of teleportation
 h - a scroll of magic mapping
 j - a scroll of identify
 l - 2 scrolls of remove curse
 o - 2 scrolls of fog
 t - a scroll of random uselessness
 B - 3 scrolls of noise
Jewellery
 d - a ring of invisibility (right hand)
 y - an uncursed amulet of faith
 D - a +1 ring of dexterity (left hand)
 N - an uncursed ring of magical power
 O - an uncursed ring of teleportation
Potions
 k - 4 potions of curing
 v - a potion of confusion {unknown}
Miscellaneous
 r - a disc of storms


   Skills:
 + Level 6.6(11.6) Fighting
 + Level 9.6(14.6) Maces & Flails
 * Level 11.5(16.5) Crossbows
 + Level 5.0(10.0) Armour
 + Level 10.6(15.6) Dodging
 + Level 4.4(9.4) Stealth
 + Level 2.4 Invocations
 + Level 1.5 Evocations


You had 11 spell levels left.
You didn't know any spells.

Dungeon Overview and Level Annotations

Branches:
Dungeon (9/15)             Temple (1/1) D:6            Lair (6/8) D:9
 Shoals (0/5) Lair:5        Snake (0/5) Lair:4
    Orc: D:9-12       Slime: Lair:6-8

Altars:
Ashenzari
Cheibriados
Dithmenos
Elyvilon
Fedhas
Kikubaaqudgha
Makhleb
Nemelex Xobeh
Okawaru
Sif Muna
Trog
Vehumet
Xom
Yredelemnul
Zin
The Shining One

Portals:
Ice
Cave: Lair:6

Annotations:
D:2 Crazy Yiuf
D:3 SkaryMonk's ghost, average OgHu


Innate Abilities, Weirdness & Mutations

You have sharp fingernails.
You are partially covered in icy blue scales (AC +1).
You can steal the life force of nearby defeated enemies.
You sometimes gain power by taking damage.


Message History

Firing (i - inventory. (,) - cycle):
p - 15 bolts of flame (quivered)
Press: ? - help, Shift-Dir - straight line, f/p - ice dragon
Aim: an ice dragon (heavily wounded, catching its breath)
You shoot a bolt of flame. The bolt of flame hits the ice dragon.
The ice dragon is burned terribly!
The ice dragon is almost dead.
The bat completely misses you. The bat closely misses you.
The ice dragon bites you but does no damage.
The ice dragon claws you. The ice dragon closely misses you.
Firing (i - inventory. (,) - cycle):
p - 14 bolts of flame (quivered)
Press: ? - help, Shift-Dir - straight line, f/p - ice dragon
Aim: an ice dragon (almost dead, catching its breath)
You shoot a bolt of flame. The bolt of flame hits the ice dragon.
The ice dragon is burned terribly!
The ice dragon is almost dead.
The bat misses you. x2
The ice dragon breathes frost at you. The blast of cold hits you!
Ouch! That really hurt!
You die...

... .......
......♣♣♣.....r.
......♣♣♣.......
....[.♣♣♣.......
..............#
..........F...####
.............r##@#
......F....Y..#b#D((.!.∩.
........l....YY####(#..(
......../...DY## #
..<.......(♣♣♣#
.<.<.......♣♣♣#
...........♣♣
.......D.Y....
............r..


You could see an ice dragon, a five-headed hydra, 3 sheep and a bat.

Vanquished Creatures
  A minotaur (Lab)
  3 hydras
  3 death yaks
  Erica (Lair:2)
  A griffon (Lair:3)
  2 black mambas (Lair:4)
  A queen ant (Lair:5)
  A gargoyle (D:9)
  7 spiny frogs
  A queen bee (D:8)
  3 komodo dragons
  A polar bear (Lair:6)
  4 blink frogs (Lair:1)
  A basilisk (Lair:1)
  A wyvern (D:9)
  A deep elf mage (D:9)
  12 yaks
  3 sharks (Lair:1)
  A hungry ghost (D:4)
  16 wolves
  5 nagas (Lair:4)
  4 soldier ants (Lair:5)
  5 hippogriffs
  4 water moccasins
  An ice beast (D:9)
  4 sky beasts
  5 porcupines
  A black bear (Lair:2)
  A phantom (D:4)
  A boring beetle (Lair:3)
  3 ogres
  2 centaurs (D:7)
  4 crocodiles
  7 giant slugs
  17 giant frogs
  A gnoll sergeant (D:7)
  5 scorpions
  23 killer bees
  2 electric eels (Lair:1)
  10 hounds
  A big fish (Lair:1)
  A two-headed ogre zombie (D:9)
  5 crimson imps
  3 goliath beetles
  An orc priest (D:7)
  7 orc wizards
  25 worker ants
  14 iguanas
  An ogre skeleton (D:5)
  A hound zombie (D:7)
  2 jellies
  A mummy (D:9)
  23 gnolls
  29 green rats
  4 giant mites
  An inept feature mimic (D:4)
  14 adders
  A shadow imp (D:6)
  A goliath beetle zombie (D:8)
  6 worms
  An orc zombie (D:9)
  An adder zombie (D:8)
  A giant eyeball (D:7)
  7 giant geckos
  3 oozes
  26 orcs
  A bat skeleton (D:7)
  2 bat zombies (D:6)
  5 giant cockroaches
  37 goblins
  31 hobgoblins
  5 quokkas
  20 bats
  6 giant newts
  34 jackals
  A jackal zombie (D:7)
  18 kobolds
  2 orc skeletons
  28 rats
  3 rat skeletons
  3 ballistomycetes (D:7)
  2 fungi (Lair:3)
  2 plants
549 creatures vanquished.

Vanquished Creatures (others)
  A polar bear (Lair:6)
  A gnoll shaman (D:7)
  A worker ant (D:7)
  A quokka (D:8)
  A giant spore (D:7)
  A fungus (Lair:3)
6 creatures vanquished.

Grand Total: 555 creatures vanquished

Notes
Turn   | Place    | Note
--------------------------------------------------------------
     0 | D:1      | CrazyArbalest, the Demonspawn Hunter, began the quest for the Orb.
     0 | D:1      | Reached XP level 1. HP: 15/15 MP: 1/1
   190 | D:1      | Reached skill level 4 in Crossbows
   203 | D:1      | Gained mutation: You can steal the life force of nearby defeated enemies. [demonic ancestry]
   203 | D:1      | Reached XP level 2. HP: 21/21 MP: 2/2
   742 | D:2      | Gained mutation: You sometimes gain a little power by taking damage. [demonic ancestry]
   742 | D:2      | Reached XP level 3. HP: 8/26 MP: 3/3
  1611 | D:2      | Noticed Crazy Yiuf
  1801 | D:2      | Reached skill level 1 in Armour
  2039 | D:3      | Gained mutation: You have sharp fingernails. [demonic ancestry]
  2039 | D:3      | Reached XP level 4. HP: 32/32 MP: 4/4
  2041 | D:3      | Reached skill level 1 in Maces & Flails
  2206 | D:3      | Noticed SkaryMonk's ghost (average OgHu)
  3107 | D:4      | Reached XP level 5. HP: 21/37 MP: 5/5
  3110 | D:4      | Noticed a hungry ghost
  3115 | D:4      | Killed a hungry ghost
  3115 | D:4      | Reached skill level 5 in Crossbows
  3115 | D:4      | Reached XP level 6. HP: 25/43 MP: 6/6
  3225 | D:4      | Found a shadowy altar of Dithmenos.
  3228 | D:4      | Found a glowing golden altar of the Shining One.
  3440 | D:4      | Noticed a giant slug
  3441 | D:4      | Found a snail-covered altar of Cheibriados.
  3442 | D:4      | Noticed a giant slug
  3442 | D:4      | Noticed a giant slug
  3828 | D:4      | Got a bloodstained mace
  4254 | D:4      | Identified the +7,+7 mace of Plague {venom, *Rage Str+4 Stlth} (You found it on level 4 of the Dungeon)
  4517 | D:5      | Entered Level 5 of the Dungeon
  4517 | D:5      | Found a sparkling altar of Nemelex Xobeh.
  4650 | D:5      | Gained mutation: You are partially covered in icy blue scales (AC +1). [demonic ancestry]
  4650 | D:5      | Reached XP level 7. HP: 47/49 MP: 7/7
  4774 | D:5      | Reached skill level 1 in Stealth
  5235 | D:6      | Found a radiant altar of Vehumet.
  5585 | D:6      | Gained mutation: You sometimes gain power by taking damage. [demonic ancestry]
  5585 | D:6      | Reached XP level 8. HP: 56/56 MP: 8/8
  5804 | D:6      | Found a staircase to the Ecumenical Temple.
  5810 | Temple   | Entered the Ecumenical Temple
  6086 | Temple   | Became a worshipper of Warmaster Okawaru
  6751 | D:7      | Got a dull robe
  6777 | D:7      | Identified the +2 robe "Fywiecse" {Str+3 Int+5} (You found it on level 7 of the Dungeon)
  6962 | D:7      | Reached skill level 5 in Maces & Flails
  7038 | D:7      | Acquired Okawaru's first power
  7168 | D:7      | Reached skill level 5 in Dodging
  7299 | D:7      | Reached XP level 9. HP: 61/63 MP: 9/9
  7301 | D:7      | Reached skill level 6 in Maces & Flails
  8159 | D:8      | Found a white marble altar of Elyvilon.
  8393 | D:8      | Found a deep blue altar of Sif Muna.
  8439 | D:8      | Reached skill level 7 in Maces & Flails
  8578 | D:8      | Found a burning altar of Makhleb.
  8578 | D:8      | Noticed a blizzard demon
  8582 | D:8      | Noticed a hellwing
  8796 | D:9      | Reached XP level 10. HP: 50/72 MP: 11/11
  8863 | D:9      | Noticed a gargoyle
  9039 | D:9      | Found a staircase to the Lair.
  9337 | D:9      | Reached skill level 1 in Evocations
  9470 | D:9      | Killed a gargoyle
  9845 | Lair:1   | Entered Level 1 of the Lair of Beasts
 10012 | Lair:1   | Acquired Okawaru's second power
 10077 | Lair:1   | Reached skill level 5 in Fighting
 10286 | Lair:1   | Reached skill level 8 in Maces & Flails
 10988 | Lair:1   | Reached XP level 11. HP: 43/80 MP: 10/13
 11097 | Lair:2   | Received a gift from Okawaru
 11100 | Lair:2   | Got a faintly humming cloak {god gift}
 11103 | Lair:2   | Identified the +2 cloak of Boredom {Str-2} (Okawaru gifted it to you on level 2 of the Lair of Beasts)
 11259 | Lair:2   | Identified a scroll of acquirement
 11413 | Lair:2   | Reached skill level 1 in Invocations
 11636 | Lair:2   | Noticed Erica
 11718 | Lair:2   | Killed Erica
 12428 | Lair:3   | Reached skill level 9 in Dodging
 12516 | Lair:3   | Found a labyrinth entrance.
 12525 | Lab      | Entered a labyrinth
 12678 | Lab      | Noticed a minotaur
 12724 | Lab      | Killed a minotaur
 12771 | Lab      | Got a smoking buckler
 13497 | Lair:3   | Identified the +3 buckler of Ipsy {MR+ Int+1} (You found it in a labyrinth)
 13711 | Lair:3   | Reached skill level 5 in Armour
 14345 | Lair:3   | Received a gift from Okawaru
 14844 | Lair:4   | Received a gift from Okawaru
 14844 | Lair:4   | Reached XP level 12. HP: 72/88 MP: 15/15
 15002 | Lair:4   | Noticed a six-headed hydra
 15013 | Lair:4   | Killed a six-headed hydra
 15119 | Lair:4   | Noticed a four-headed hydra
 15128 | Lair:4   | Killed a four-headed hydra
 15310 | Lair:3   | Reached skill level 10 in Crossbows
 15385 | Lair:4   | Found a glowing silver altar of Zin.
 15408 | Lair:4   | Reached skill level 10 in Dodging
 15575 | Lair:4   | Found a staircase to the Snake Pit.
 15733 | Lair:5   | Found a staircase to the Shoals.
 15774 | Lair:4   | Received a gift from Okawaru
 15903 | Lair:5   | Noticed a seven-headed hydra
 16257 | Lair:5   | Received a gift from Okawaru
 16498 | Lair:5   | Killed a seven-headed hydra
 16498 | Lair:5   | Reached skill level 11 in Crossbows
 16514 | Lair:5   | Received a gift from Okawaru
 17453 | Lair:6   | Noticed a five-headed hydra
 17457 | Lair:6   | Found a frozen archway.
 17461 | Lair:6   | Received a gift from Okawaru
 17463 | Lair:6   | Noticed an ice dragon
 17483 | Lair:6   | Killed from afar by an ice dragon

Action                   |  1- 3 |  4- 6 |  7- 9 | 10-12 || total
-------------------------+-------+-------+-------+-------++-------
Melee: Mace              |    93 |   159 |   447 |   739 ||  1438
 Fire: Crossbow          |    36 |    47 |    12 |   253 ||   348
Invok: Heroism           |       |       |     1 |    10 ||    11
Evoke: Wand              |       |       |     8 |     6 ||    14
  Use: Scroll            |       |     1 |     5 |    21 ||    27
       Potion            |       |       |     3 |     1 ||     4
 Stab: Sleeping          |     1 |       |     1 |    12 ||    14
